 Dungeon Crawl Stone Soup version 0.30-a0-711-gf4ac18a38d (webtiles) character file.

Game seed: 2973762215821162987

2191 flotson the Trooper (level 9, -7/61 HPs)
             Began as a Demonspawn Delver on Jan 23, 2023.
             Was a Believer of Hepliaklqana.
             Mangled by a hellwing (9 damage)
             ... on level 7 of the Dungeon.
             The game lasted 00:10:44 (5545 turns).

flotson the Trooper (Demonspawn Delver)             Turns: 5545, Time: 00:10:45

Health: -7/61      AC:  9    Str: 16    XL:     9   Next: 12%
Magic:  12/12      EV: 13    Int: 12    God:    Hepliaklqana [**....]
Gold:   272        SH:  0    Dex: 17    Spells: 8/8 levels left

rFire   . . .      SeeInvis +    D - +1 glaive (flame)
rCold   . . .      Faith    .    (shield currently unavailable)
rNeg    . . .      Spirit   .    q - +0 ring mail of Veoweg {Regen+ Dex+2 Stlth-}
rPois   .          Reflect  .    s - +1 hat
rElec   .          Harm     .    (no cloak)
rCorr   .          Rampage  .    (no gloves)
Will    .....                    (no boots)
Stlth   +                        (no amulet)
HPRegen 1.10/turn                r - ring of see invisible
MPRegen 0.13/turn                (no ring)

@: attractive, hasted, very quick
A: reduced essence, antennae 2, thin metallic scales 2
a: Renounce Religion, Recall Ancestor, Ancestor Identity


You were on level 7 of the Dungeon.
You worshipped Hepliaklqana.
Hepliaklqana was pleased with you.
You visited 1 branch of the dungeon, and saw 7 of its levels.

You collected 317 gold pieces.
You spent 45 gold pieces at shops.

Inventory:

Hand Weapons
 a - a +0 hand axe
 n - a +0 mace of protection
 D - a +1 glaive of flaming (weapon)
Missiles
 v - 6 atropa-tipped darts
 y - a throwing net
 B - 4 curare-tipped darts (quivered)
Armour
 q - the +0 ring mail of Veoweg (worn) {Regen+ Dex+2 Stlth-}
   (You found it on level 2 of the Dungeon)

   Dex:       It affects your dexterity (+2).
   Regen:     It increases your rate of health regeneration.
   Stlth:     It makes you less stealthy.
 s - a +1 hat (worn)
Jewellery
 r - a ring of see invisible (left hand)
Wands
 g - a wand of digging (7)
 C - a wand of flame (11)
Scrolls
 c - 5 scrolls of fog
 d - a scroll of magic mapping
 e - 3 scrolls of fear
 h - a scroll of noise {unknown}
 l - 4 scrolls of identify
 t - a scroll of vulnerability {unknown}
 u - 2 scrolls of blinking {unknown}
 x - 4 scrolls of teleportation {unknown}
 A - 2 scrolls of torment {unknown}
 E - a scroll of amnesia {unknown}
 F - 3 scrolls of enchant weapon {unknown}
Potions
 b - a potion of lignification {unknown}
 i - a potion of might {unknown}
 j - a potion of attraction
 k - a potion of resistance
 m - a potion of invisibility {unknown}
 o - 2 potions of brilliance
 p - 3 potions of curing {unknown}
 w - 2 potions of heal wounds {unknown}
 z - a potion of magic {unknown}


   Skills:
 + Level 5.4 Fighting
 + Level 4.5 Axes
 + Level 3.4 Throwing
 + Level 4.0 Armour
 + Level 4.4 Dodging
 - Level 5.0 Stealth
 + Level 5.0 Invocations
 + Level 4.4 Evocations


You had 8 spell levels left.
You didn't know any spells.
Your spell library contained the following spells:

 Spells                   Type           Power      Damage    Failure   Level
 Cigotuvi's Dreadful Rot  Necr/Pois/Air  0%         N/A       65%         2
 Lesser Beckoning         Tloc           0%         N/A       65%         2
 Poisonous Vapours        Pois/Air       0%         N/A       65%         2
 Gell's Gravitas          Tloc           0%         N/A       87%         3
 Mephitic Cloud           Conj/Pois/Air  0%         N/A       87%         3
 Teleport Other           Tloc           0%         N/A       87%         3


Dungeon Overview and Level Annotations

Branches:
Dungeon (7/15)             Temple (0/1) D:6

Altars:
Ashenzari
Cheibriados
Hepliaklqana
Sif Muna
Uskayaw
Yredelemnul

Shops:
D:7 *

Annotations:
D:4 1 runed translucent door, nucleargodhead's ghost, amateur MiBe
D:6 1 runed translucent door, greynaab's ghost, novice BaFi


Innate Abilities, Weirdness & Mutations

Your life essence is reduced to manifest your ancestor. (-10% HP)
You have a pair of antennae on your head.
You are mostly covered in thin metallic scales. (AC +3)


Message History

The centaur warrior skeleton kicks you but does no damage.
The shadow imp closely misses you. The hellwing attacks as you move away!
The hellwing hits you.
* * * LOW HITPOINT WARNING * * *
The hellwing hits you.
* * * LOW HITPOINT WARNING * * *
The hellwing attacks as you move away! The hellwing barely misses you.
The hellwing hits you.
* * * LOW HITPOINT WARNING * * *
The centaur warrior skeleton hits you.
* * * LOW HITPOINT WARNING * * *
The centaur warrior skeleton kicks you but does no damage.
The centaur warrior zombie barely misses you.
The centaur warrior zombie kicks you but does no damage.
The hellwing attacks as you move away! The hellwing closely misses you.
The hellwing hits you.
* * * LOW HITPOINT WARNING * * *
The centaur warrior zombie hits you.
* * * LOW HITPOINT WARNING * * *
The centaur warrior zombie barely misses you.
Okay, then.
Unknown command.
You feel yourself speed up.
The centaur warrior zombie hits you but does no damage.
The centaur warrior zombie closely misses you.
The shadow imp hits you.
* * * LOW HITPOINT WARNING * * *
The centaur warrior zombie hits you.
* * * LOW HITPOINT WARNING * * *
The centaur warrior zombie kicks you.
* * * LOW HITPOINT WARNING * * *
It was a potion of attraction.
You feel attractive to monsters.
The centaur warrior zombie closely misses you.
The centaur warrior zombie kicks you but does no damage.
The hellwing hits you but does no damage.
The hellwing misses you.
The hellwing swoops through the air toward you!
The hellwing hits you!
You die...

...........#........##
.#####..............#
#))............#
#.[.5.......∩..##
#.<)..#.........####
#..)Z###......)....#
##....# #.........###
#..Z.4# ##.......##
#..4@## #......## ##
#### ###..Z5# ##....##
#. #..####......#
#....#####.
#.......<....###
#.....##..#
#....###.......##
#.........# ######
##..#.....##.........#
#.#
#...###...........>..
##.## ##...##
##.........#.. #...#
##.....# ###......#...


You could see 2 hellwings, 2 shadow imps, 2 centaur warrior zombies and a
centaur warrior skeleton.

Vanquished Creatures
  Edmund (D:6)
  2 black bears (D:6)
  An ice beast (D:5)
  A bullfrog (D:6)
  Blork the orc (D:5)
  A gnoll sergeant (D:5)
  A scorpion (D:6)
  A howler monkey (D:6)
  5 hounds
  3 orc priests
  2 iguanas (D:6)
  An orc wizard (D:6)
  5 gnolls
  7 adders
  3 shadow imps
  2 ufetubi (D:4)
  3 worms
  A dart slug (D:1)
  15 orcs
  6 bats
  7 endoplasms (D:1)
  A giant cockroach (D:2)
  11 goblins
  8 hobgoblins
  12 jackals
  3 quokkas
  4 ball pythons
  5 frilled lizards
  11 kobolds
  10 rats
  A spectral orc (D:4)
135 creatures vanquished.

Vanquished Creatures (collateral kills)
  Sigmund (D:6)
  A water moccasin (D:7)
  A black bear (D:6)
  A hornet zombie (D:7)
  A kobold brigand (D:5)
  2 scorpions (D:5)
  A howler monkey (D:6)
  A hound (D:5)
  A gnoll bouda (D:7)
  A jelly (D:6)
  An iguana (D:7)
  2 orc wizards (D:6)
  5 gnolls
  3 orcs
  3 kobolds (D:5)
25 creatures vanquished.

Vanquished Creatures (others)
  An orc wizard (D:6)
  2 battlemagi (D:7)
  2 ancestors
  A goblin (D:2)
  A demonic plant (D:4)
  2 fungi (D:4)
  6 withered plants
15 creatures vanquished.

Grand Total: 175 creatures vanquished

Notes
Turn   | Place    | Note
-------+----------+-------------------------------------------
     0 | D:5      | flotson the Demonspawn Delver began the quest for the Orb.
     0 | D:5      | Reached XP level 1. HP: 18/18 MP: 1/1
   142 | D:2      | Gained mutation: You are partially covered in thin metallic
                  | scales. (AC +2) [demonic ancestry]
   142 | D:2      | Reached XP level 2. HP: 5/24 MP: 2/2
   302 | D:1      | Gained mutation: You have a pair of small antennae on your
                  | head. [demonic ancestry]
   302 | D:1      | Reached XP level 3. HP: 12/29 MP: 3/3
   568 | D:1      | Reached skill level 1 in Evocations
   601 | D:1      | Reached skill level 1 in Armour
   991 | D:2      | Reached XP level 4. HP: 30/35 MP: 4/4
   998 | D:2      | Identified the +0 ring mail of Veoweg {Regen+ Dex+2 Stlth-}
  1758 | D:3      | Found a broken altar of Ashenzari.
  1924 | D:3      | Reached skill level 5 in Stealth
  2328 | D:3      | Gained mutation: You have a pair of antennae on your head.
                  | [demonic ancestry]
  2328 | D:3      | Reached XP level 5. HP: 41/41 MP: 5/5
  2411 | D:4      | Found a hazy altar of Hepliaklqana.
  2430 | D:4      | Became a worshipper of Hepliaklqana the Forgotten
  2557 | D:4      | Found a runed translucent door.
  2558 | D:4      | Noticed nucleargodhead's ghost (amateur MiBe)
  2902 | D:4      | Found a basalt altar of Yredelemnul.
  2998 | D:4      | Reached skill level 1 in Invocations
  3057 | D:4      | Found a hide-covered altar of Uskayaw.
  3412 | D:5      | Reached * piety under Hepliaklqana
  3438 | D:5      | Reached skill level 1 in Throwing
  3438 | D:5      | Reached XP level 6. HP: 4/43 MP: 5/7
  3439 | D:5      | HP: 2/43 [poisoned by a scorpion]
  3444 | D:5      | HP: 2/43 [poisoned by a scorpion]
  3573 | D:5      | HP: 1/43 [orc priest/nerve-wracking pain (8)]
  3760 | D:5      | Noticed Blork the orc
  3769 | D:5      | Killed Blork the orc
  3871 | D:5      | Noticed an ice beast
  3878 | D:5      | Killed an ice beast
  3879 | D:5      | Gained mutation: You are mostly covered in thin metallic
                  | scales. (AC +3) [demonic ancestry]
  3879 | D:5      | Reached XP level 7. HP: 27/48 MP: 8/8
  4585 | D:6      | Found a snail-covered altar of Cheibriados.
  4593 | D:6      | Noticed Sigmund
  4604 | D:6      | Killed Sigmund
  4605 | D:6      | Reached XP level 8. HP: 53/54 MP: 10/10
  4814 | D:6      | Found a runed translucent door.
  4814 | D:6      | Noticed greynaab's ghost (novice BaFi)
  4849 | D:6      | Noticed Edmund
  4859 | D:6      | Killed Edmund
  4860 | D:6      | Reached skill level 5 in Fighting
  4941 | D:6      | Reached ** piety under Hepliaklqana
  4942 | D:6      | Remembered your ancestor Cipactli as a battlemage
  4982 | D:6      | Found a staircase to the Ecumenical Temple.
  5019 | D:6      | Found a shimmering blue altar of Sif Muna.
  5269 | D:7      | Reached XP level 9. HP: 33/61 MP: 12/12
  5374 | D:7      | Reached skill level 5 in Invocations
  5396 | D:7      | Found Ticisol's General Store.
  5420 | D:7      | Bought a potion of degeneration for 15 gold pieces
  5420 | D:7      | Bought a scroll of identify for 30 gold pieces
  5466 | D:7      | Noticed a hellwing
  5467 | D:7      | Noticed a hellwing
  5544 | D:7      | HP: 2/61 [centaur warrior zombie (2)]
  5545 | D:7      | Mangled by a hellwing

Illustrated notes

Levels and vault maps discovered:
D:1:      minmay_arrival_glassed_features, layout_rooms
D:2:      layout_basic, lemuel_flame_loot_1
D:3:      layout_basic, overflow_temple_1_default
D:4:      nicolae_cairo_tiling, layout_basic, nicolae_uskayaw_suspiria,
          mainiacjoe_overflow_alcove_4, yredelemnul_forgotten_temple_becter,
          serial_demonic, serial_demonic_f, serial_demonic_g, serial_demonic_f,
          serial_demonic_b, ebering_ghost_reflecting_pool
D:5:      layout_layer_cave, uniq_blork_the_orc
D:6:      layout_cave_pools, led_sif_book, mainiacjoe_overflow_small_starburst,
          minmay_temple_entry_poolview, gammafunk_ghost_grave, uniq_edmund,
          uniq_sigmund
D:7:      cheibrodos_grave_circle, layout_layer_cave,
          mainiacjoe_overflow_boulevard, gammafunk_temple_overflow_claw,
          serial_shops, shop, uniq_maggie

Skill      XL: |  1  2  3  4  5  6  7  8  9 |
---------------+----------------------------+-----
Dodging        | 2 3 4 |  4.4
Axes           | 2 3 4 |  4.5
Evocations     | 1 2 3 4 |  4.4
Armour         | 1 2 3 4 |  4.0
Stealth        | 5 |  5.0
Invocations    | 1 2 3 4 5 |  5.0
Throwing       | 1 2 3 |  3.4
Fighting       | 4 5 |  5.4

Action                     |  1- 3 |  4- 6 |  7- 9 || total
---------------------------+-------+-------+-------++-------
  Melee: Hand axe          |   110 |       |       ||   110
         Punch             |     2 |     4 |       ||     6
         Mace              |    47 |   262 |       ||   309
         Glaive            |       |    21 |   131 ||   152
  Throw: Dart              |       |     1 |     1 ||     2
 Invoke: Recall Ancestor   |       |       |     1 ||     1
         Ancestor Life: Ba |       |       |     1 ||     1
    Use: Potion            |       |     2 |     2 ||     4
         Scroll            |       |     1 |       ||     1
   Stab: Distracted        |       |     1 |     3 ||     4
 Armour: Scale mail        |   132 |     2 |       ||   134
         Ring mail         |       |   189 |    88 ||   277
  Dodge: Dodged            |   116 |   244 |   162 ||   522

Table legend: (Time is in decaauts)
 A = Elapsed time spent in this place.
 B = Non-inter-level travel time spent in this place.
 C = Inter-level travel time spent in this place.
 D = Time resting spent in this place.
 E = Time spent auto-exploring this place.
 F = Levels seen in this place.
 G = Mean time per level.
                   A        B        C        D        E       F      G
               +--------+--------+--------+--------+--------+-----+--------+
         Total |   5763 |   5580 |    183 |    204 |   3952 |   7 |  823.3 |
       Dungeon |   5763 |   5580 |    183 |    204 |   3952 |   7 |  823.3 |
               +--------+--------+--------+--------+--------+-----+--------+

Top non-repeatable levels by time:
     D:5: 1250 daAuts
     D:4: 1098 daAuts
     D:2: 1026 daAuts
     D:6: 741 daAuts
     D:1: 727 daAuts
     D:3: 668 daAuts
     D:7: 249 daAuts
